Unix NetHack Version 3.7.0-102 Work-in-progress - last build Apr 7 2024 00:22:53 (d302a6a9ff6341f1a922d8f5af178406b35fdf99,branch:master). Game began 2024-04-20 23:59:50, ended 2024-04-21 00:08:21. Merlek, neutral male human Healer -- ---.- ...... ..... ..... - .... .--- --.... ...| .... ..-- ... ...---...- -- -h(......- -. --.--)..G....-- -.......fh.G.G...| |..G@........# --..--.......| --- --.| --- -- Merlek the Empiric St:11 Dx:8 Co:15 In:11 Wi:16 Ch:16 Neutral Dlvl:3 $:1280 HP:0(29) Pw:22(27) AC:8 Xp:3/73 T:1347 Latest messages: The gnome picks up an orange gem. The gnome shoots an arrow! The arrow hits the gnome lord. You miss the gnome. You kill the gnome! The gnome lord hits! You hit the gnome lord. The gnome lord hits! You miss the gnome lord. The gnome lord hits! You hit the gnome lord. Dexter bites the gnome lord. The gnome lord misses Dexter. The gnome lord hits! The gnome hits! Dexter bites the gnome lord. You hit the gnome lord. Dexter misses the gnome lord. You climb up the stairs. You remember this level as ice-box(es) vault. In what direction? You feel better. # What do you want to adjust? [a-su-zA-H or ?*] Adjust letter to what [ctI-Z] (? see used letters)? Swapping: s - an uncursed stethoscope. What do you want to use or apply? [h-korszF or ?*] In what direction? Status of Dexter (neutral, small): Level 1 HP 8(8) AC 6, tame. You descend the stairs. Dexter misses the gnome lord. The gnome lord hits! The dwarf throws a dagger! The dagger hits the gnome lord. The dwarf picks up an orange gem. Dexter bites the gnome lord. You hit the gnome lord. Dexter misses the gnome lord. The gnome lord hits! Dexter bites the gnome lord. The gnome lord is killed! Dexter bites the dwarf. The dwarf swings his pick-axe. The dwarf hits! The gnome hits! Dexter eats a gnome lord corpse. The dwarf swings his pick-axe. The dwarf hits! You die... Do you want your possessions identified? [ynq] (n) Inventory: Coins $ - 1280 gold pieces Weapons B - an uncursed +0 arrow E - a cursed +0 arrow m - 10 uncursed +0 darts a - an uncursed +0 scalpel (weapon in right hand) Armor C - an uncursed +0 orcish helm b - an uncursed +1 pair of leather gloves (being worn) Comestibles l - 6 uncursed apples c - an uncursed cram ration F - an uncursed cream pie G - an uncursed pear A - an uncursed tin of spinach p - an uncursed lichen corpse Scrolls x - a blessed scroll of charging n - an uncursed scroll of confuse monster w - a blessed scroll of enchant weapon q - an uncursed scroll of light Spellbooks j - a blessed spellbook of extra healing i - a blessed spellbook of healing k - a blessed spellbook of stone to flesh Potions g - a blessed potion of extra healing f - 3 uncursed potions of extra healing y - a blessed potion of gain energy d - 2 blessed potions of healing e - 3 uncursed potions of healing H - an uncursed potion of levitation Wands h - an uncursed wand of sleep (0:4) z - an uncursed wand of sleep (0:4) Tools r - an uncursed wooden flute o - an uncursed can of grease (0:18) s - an uncursed stethoscope Gems/Stones v - an uncursed citrine stone D - an uncursed worthless piece of blue glass u - an uncursed worthless piece of green glass Merlek the Healer's attributes: Background: You were an Empiric, a level 3 male human Healer. You were neutral, nominally on a mission for Hermes who was opposed by Athena (lawful) and Poseidon (chaotic). You were right-handed. You were in the Gnomish Mines, on level 3. You entered the dungeon 1347 turns ago. It was the midnight hour. You had 73 experience points, 7 more were needed to attain level 4. Basics: You had 0 out of 29 hit points. You had 22 out of 27 energy points (spell power). Your armor class was 8. Your wallet contained 1280 zorkmids. Autopickup was on for '$=?"/!%' plus thrown, with exceptions. Final Characteristics: Your strength was 11 (limit:18/100). Your dexterity was 8 (limit:18). Your constitution was 15 (limit:18). Your intelligence was 11 (limit:18). Your wisdom was 16 (limit:18). Your charisma was 16 (limit:18). Final Status: You weren't hungry. You were unencumbered. You were wielding a knife. You had basic skill with knife. Final Attributes: You were devoutly aligned. You were poison resistant. You are dead. Miscellaneous: You never encountered a bones level. Total elapsed playing time was 8 minutes and 31 seconds. Major events: Turn 1: Merlek the neutral male human Healer entered the dungeon 339: entered the Gnomish Mines 1200: attained the rank of Empiric (level 3) 1347: killed by a dwarf Vanquished creatures: 2 gnome leaders a dwarf zombie 4 giant rats 4 gnomes 5 jackals a kobold 2 goblins 2 grid bugs 2 lichens 4 newts 27 creatures vanquished. No species were genocided or became extinct. Voluntary challenges: You were an atheist. You were illiterate. You never engraved Elbereth. You never genocided any monsters. You never polymorphed an object. You never changed form. You used no wishes. Achievements: You entered a shop. You entered the Gnomish Mines. You attained the rank of Empiric. The Dungeons of Doom: levels 1 to 5 Level 1: "vault" An altar, a fountain, a sink. Level 2: "ice-box(es) vault" A fountain. Stairs down to The Gnomish Mines. Level 3: A fountain. Level 4: A fountain, a sink. Level 5: The Gnomish Mines: Level 3: <- You were here. Final resting place for you, killed by a dwarf. Game over: ---------- / \ / REST \ / IN \ / PEACE \ / \ | Merlek | | 1280 Au | | killed by a | | dwarf | | | | | | 2024 | *| * * * | * _________)/\\_//(\/(/\)/\//\/|_)_______ Goodbye Merlek the Healer... You died in The Gnomish Mines on dungeon level 3 with 559 points, and 1280 pieces of gold, after 1347 moves. You were level 3 with a maximum of 29 hit points when you died.